 Dungeon Crawl Stone Soup version 0.21.1-1-g345015f (webtiles) character file.

23 Iko the Caller (level 2, -2/19 HPs)
             Began as a Barachi Summoner on June 1, 2018.
             Slain by a goblin
             ... wielding a +0 club
              (3 damage)
             ... on level 2 of the Dungeon.
             The game lasted 00:02:27 (238 turns).

Iko the Caller (Barachi Summoner)                    Turns: 238, Time: 00:02:28

Health: -2/19      AC:  6    Str:  9    XL:     2   Next: 95%
Magic:  4/5        EV:  3    Int: 15    God:
Gold:   31         SH:  0    Dex: 12    Spells: 4/5 levels left

rFire    . . .     SeeInvis .   d - +0 short sword
rCold    . . .     Gourm    .   (no shield)
rNeg     . . .     Faith    .   f - +0 scale mail
rPois    .         Spirit   .   (no helmet)
rElec    .         Reflect  .   (no cloak)
rCorr    .         Harm     .   (no gloves)
MR       .....                  (no boots)
Stlth    ..........             (no amulet)
HPRegen  0.06/turn              e - -5 ring of evasion (curse)
MPRegen  0.09/turn              (no ring)

@: slow
A: +LOS, swims, slowness 1, strong legs 1
a: Hop


You were on level 2 of the Dungeon.
You were not hungry.

You visited 1 branch of the dungeon, and saw 2 of its levels.

You collected 31 gold pieces.

Inventory:

Hand Weapons
 d - a +0 short sword (weapon)
Armour
 f - a +0 scale mail (worn)
Jewellery
 e - a cursed -5 ring of evasion (left hand)
Books
 b - a book of Callings

   Spells                             Type                      Level
   a - Summon Small Mammal            Summoning                    1
   b - Call Imp                       Summoning                    2
   c - Call Canine Familiar           Summoning                    3
   d - Summon Guardian Golem          Hexes/Summoning              3
   e - Summon Lightning Spire         Summoning/Air                4
   f - Summon Ice Beast               Ice/Summoning                4
Comestibles
 c - 3 rations


   Skills:
 + Level 0.2 Armour
 + Level 2.6 Dodging
 + Level 1.8 Stealth
 + Level 0.2 Unarmed Combat
 + Level 2.2 Spellcasting
 + Level 5.4 Summonings


You had 4 spell levels left.
You knew the following spells:

 Your Spells              Type           Power        Failure   Level  Hunger
a - Summon Small Mammal   Summ           ###.         19%         1    #......


Dungeon Overview and Level Annotations

Branches:
Dungeon (2/15)

Altars:


Innate Abilities, Weirdness & Mutations

Shadows flee at your approach. (+LOS)
You can swim through water.
You cover ground slowly.
You can hop short distances.


Message History

a dagger; a kobold corpse A goblin comes into view.
It is wielding a club. x2
The goblin shouts!
You closely miss the goblin. The goblin hits you but does no damage.
Casting: Summon Small Mammal
Confirm with . or Enter, or press ? or * to list all spells.
The goblin hits you with a club.
* * * LOW HITPOINT WARNING * * *
The goblin hits you but does no damage.
Casting: Summon Small Mammal
Confirm with . or Enter, or press ? or * to list all spells.
Okay, then.
You hit the goblin.
You kill the goblin!
The goblin hits you with a club.
* * * LOW HITPOINT WARNING * * *
A worm comes into view.
You barely miss the goblin.
Your quokka barely misses the goblin.
The goblin hits you with a club.
You die...

####..##. #...#
......... #...#
#.......### #(..# ....
#...####...#####
#..###.............##
#...#)..............#
#w#.#...#..............
#.....).#.####...#.....
#.....@.#.# #...#.# ..
###...gr..# #...#.# ..
###$##### #...#.# #. #.
##.##.###. #. #.....†..
#. ##########( ..
......# #. ##
#.##..###. # #.#.......


You could see a worm, a goblin and a friendly quokka.

Vanquished Creatures
  An adder (D:2)
  A bat (D:2)
  A giant cockroach (D:1)
  A hobgoblin (D:2)
  A quokka (D:2)
  A frilled lizard (D:1)
  3 goblins
  A kobold (D:2)
  2 rats
12 creatures vanquished.

Vanquished Creatures (collateral kills)
  A bat (D:2)
  A frilled lizard (D:2)
2 creatures vanquished.

Grand Total: 14 creatures vanquished

Notes
Turn   | Place    | Note
-------+----------+-------------------------------------------
     0 | D:1      | Iko the Barachi Summoner began the quest for the Orb.
     0 | D:1      | Reached XP level 1. HP: 13/13 MP: 3/3
   126 | D:1      | Reached skill level 5 in Summonings
   139 | D:2      | Reached XP level 2. HP: 9/19 MP: 5/5
   238 | D:2      | Slain by a goblin

Skill      XL: |  1 |
---------------+----+-----
Summonings     | 5 |  5.4
Armour         | |  0.2
Dodging        | |  2.6
Stealth        | |  1.8
Unarmed Combat | |  0.2
Spellcasting   | |  2.2

Action                   || total
-------------------------++-------
Melee: Unarmed           ||    20
       Short sword       ||    39
 Cast: Summon Small Mamm ||     2
  Use: Potion            ||     2
 Stab: Sleeping          ||     2
Armor: Robe              ||     9
       Scale mail        ||    45
Dodge: Dodged            ||    19
